 Dungeon Crawl Stone Soup version 0.26-b1-32-g5d43845318 (webtiles) character file.

Game seed: 13509794594727977005

13600 night the Grappler (level 11, -3/169 HPs)
             Began as a Troll Delver on Jan 8, 2021.
             Was an Elder of Ru.
             Slain by an entropy weaver (11 damage)
             ... in a Gauntlet on Jan 9, 2021.
             The game lasted 01:15:08 (9671 turns).

night the Grappler (Troll Delver)                   Turns: 9671, Time: 01:15:09

Health: -3/169     AC:  2    Str: 23    XL:     11   Next: 77%
Magic:  10/10      EV: 11    Int: 13    God:    Ru [****..]
Gold:   564        SH:  9    Dex: 11    Spells: 10/10 levels left

rFire    . . .     SeeInvis +     - Unarmed
rCold    . . .     Faith    .   L - +0 kite shield
rNeg     . . .     Spirit   .   C - +2 robe {Archmagi}
rPois    .         Reflect  .   D - +0 hat "Berucs" {Str-2 Int+7 SInv}
rElec    .         Harm     .   I - +1 cloak
rCorr    .         Rampage  .   (gloves unavailable)
Will     .....     NoTele   +   (boots unavailable)
Stlth    ..........             (no amulet)
HPRegen  0.78/turn              t - +4 ring of protection
MPRegen  0.12/turn              G - +4 ring of evasion

@: berserking, corroded, studying Armour, very quick
A: large, unfitting armour, claws 3, regeneration 1, shaggy fur 1, tough skin 3,
inability to use devices, inability to train dodging, missing an eye
a: Renounce Religion, Draw Out Power, Power Leap


You were in a Gauntlet.
You worshipped Ru.
Ru was greatly pleased with you.
You visited 3 branches of the dungeon, and saw 12 of its levels.
You also visited: Gauntlet.

You collected 564 gold pieces.

Inventory:

Missiles
 F - 5 curare-tipped darts (quivered)
 H - 14 poisoned darts
 K - a throwing net
 O - 2 large rocks
Armour
 a - a +0 robe
 m - a +1 hat
 C - a +2 robe of the Archmagi (worn)
 D - the +0 hat "Berucs" (worn) {Str-2 Int+7 SInv}
   (You found it on level 7 of the Dungeon)

   It affects your strength (-2).
   It affects your intelligence (+7).
   It lets you see invisible.
 I - a +1 cloak (worn)
 L - a +0 kite shield (worn)
 N - a +0 hat of see invisible
Jewellery
 d - an uncursed ring of ice
 g - an uncursed ring of poison resistance
 t - a +4 ring of protection (left claw)
 w - an uncursed ring of fire
 B - an uncursed ring of wizardry
 G - a +4 ring of evasion (right claw)
 P - a +6 ring of strength
Wands
 f - a wand of digging (3)
 h - a wand of iceblast (7)
 l - a wand of flame (38)
 y - a wand of polymorph (4)
Scrolls
 b - 2 scrolls of fog
 c - a scroll of magic mapping
 e - 8 scrolls of remove curse
 j - 6 scrolls of teleportation
 k - a scroll of identify
 n - 3 scrolls of enchant armour
 o - a scroll of brand weapon
 q - a scroll of silence {unknown}
 r - 2 scrolls of enchant weapon
 z - a scroll of fear
 M - a scroll of vulnerability
Potions
 i - a potion of haste
 p - 4 potions of curing
 s - 5 potions of flight
 u - 3 potions of attraction
 v - a potion of might
 A - a potion of cancellation
 J - a potion of berserk rage
 Q - a potion of brilliance
Books
 E - a manual of Armour


   Skills:
 + Level 8.6 Fighting
 - Level 0.9 Throwing
 - Level 3.8 Stealth
 + Level 4.1 Shields
 * Level 14.1 Unarmed Combat


You had 10 spell levels left.
You didn't know any spells.
Your spell library contained the following spells:

 Spells                   Type           Power        Failure   Level
 Corona                   Hex            0%           65%         1
 Ensorcelled Hibernation  Hex/Ice        0%           78%         2
 Poisonous Vapours        Pois/Air       0%           78%         2
 Confusing Touch          Hex            0%           95%         3
 Conjure Flame            Conj/Fire      0%           95%         3
 Dazzling Flash           Conj/Hex       0%           95%         3
 Mephitic Cloud           Conj/Pois/Air  0%           95%         3
 Tukima's Dance           Hex            0%           95%         3
 Freezing Cloud           Conj/Ice/Air   0%           100%        6


Dungeon Overview and Level Annotations

Branches:
Dungeon (10/15)            Temple (1/1) D:4            Lair (1/6) D:9
    Orc (0/2) D:9         Gauntlet (1/1)

Altars:
Ashenzari
Cheibriados
Dithmenos
Elyvilon
Fedhas
Gozag
Hepliaklqana
Kikubaaqudgha
Makhleb
Nemelex Xobeh
Okawaru
Qazlal
Ru
Sif Muna
Trog
Uskayaw
Vehumet
Wu Jian
Xom
Yredelemnul
Zin
The Shining One
Beogh

Annotations:
D:7 exclusion: door Gauntlet 13 transporters, 21 runed translucent doors, exclusion: obsidian statue


Innate Abilities, Weirdness & Mutations

You are too large for most types of armour.
You have claws for hands.
Your natural rate of healing is unusually fast.
You are covered in fur. (AC +1)
You have extremely tough skin. (AC +3)
You cannot study or use magical devices.
You cannot train Dodging skill.
You are missing an eye, making it more difficult to aim.


Message History

The jumping spider barely misses you.
The entropy weaver hits you but does no damage.
You block the entropy weaver's attack. x2; The entropy weaver hits you.
* * * LOW HITPOINT WARNING * * *
You barely miss the entropy weaver.
The entropy weaver is lightly wounded.
You block the jumping spider's attack. The jumping spider bites you.
* * * LOW HITPOINT WARNING * * *
You focus your inner power and blind the jumping spider in retribution!
You miss the jumping spider.
The jumping spider is severely wounded.
The entropy weaver casts a spell at you.
The entropic weave corrodes you!
You miss the jumping spider.
The jumping spider is severely wounded.
The jumping spider pounces on you!
* * * LOW HITPOINT WARNING * * *
The jumping spider barely misses you. You block the jumping spider's attack.
The jumping spider barely misses you. The entropy weaver hits you!
You die...

########################
......................≈###
.......................#8#
##########.###########.###
pYY[©[$..#.#[.≈=©=.≈.#.#
Y#.#.#.#.#.#.≈...≈.≈.#.###
..#.#.#..#.#.≈≈...≈..#.#8#
.#.#.#.#.#.#.≈.≈≈≈.≈.#.###
..#.©.#..#.#≈..≈@≈(≈≈#.#
.#.#.#.#.#.#≈.≈ssB≈(.#.###
..#.#.#..#.#.≈.≈≈.≈≈(#.#8#
.#.#.#.#Y#.#.≈..≈..≈.#.###
......YpY#.#..≈≈...≈.#.#
######################.###
....©...........©#.....#8#
####.#############....≈###
8§§#.#..............####


You could see an entropy weaver and 2 jumping spiders.

Vanquished Creatures
  Gastronok (Lair:1)
  Erica (Lair:1)
  3 death yaks (D:9)
  An unseen horror (D:7)
  Maurice (D:8)
  Psyche (D:7)
  2 gargoyles (D:10)
  A polar bear (D:10)
  Prince Ribbit (D:8)
  Grinder (D:6)
  A ynoxinul (Gauntlet)
  Sigmund (D:3)
  A redback (D:7)
  A wyvern (D:9)
  Grum (D:8)
  A chaos spawn (Gauntlet)
  2 yaks
  A neqoxec (Gauntlet)
  Menkaure (D:4)
  A water moccasin (D:9)
  4 ice beasts
  2 hornet zombies
  2 black bears
  2 orc warriors
  2 sky beasts
  5 phantoms
  2 necrophages
  5 ogres
  4 wolves
  2 centaurs (D:8)
  A big kobold (D:8)
  4 bullfrogs
  A wyvern skeleton (D:7)
  A hornet simulacrum (D:10)
  3 scorpions
  12 killer bees
  An electric eel (D:10)
  9 wights
  4 howler monkeys
  A crimson imp (D:6)
  2 centaur zombies
  2 quasits
  A wyvern simulacrum (D:10)
  A bullfrog zombie (D:8)
  6 hounds
  8 orc priests
  A bullfrog skeleton (D:8)
  3 iron imps (Gauntlet)
  2 jellies
  9 orc wizards
  2 centaur skeletons (D:6)
  2 iguanas (D:6)
  4 worker ants
  A hell rat (D:9)
  A bullfrog simulacrum (D:10)
  A howler monkey skeleton (D:4)
  7 adders
  6 gnolls
  A river rat (D:9)
  3 shadow imps
  13 white imps
  A worker ant simulacrum (D:10)
  2 ufetubi (D:10)
  2 oozes (D:1)
  An adder zombie (D:7)
  3 worms
  10 leopard geckos
  24 orcs
  2 ball pythons
  11 giant cockroaches
  4 goblins
  13 hobgoblins
  14 jackals
  9 quokkas
  5 bats
  8 kobolds
  A leopard gecko skeleton (D:4)
  A leopard gecko zombie (D:7)
  A quokka skeleton (D:4)
  5 rats
284 creatures vanquished.

Vanquished Creatures (others)
  3 fungi (D:3)
  4 plants
7 creatures vanquished.

Grand Total: 291 creatures vanquished

Notes
Turn   | Place    | Note
-------+----------+-------------------------------------------
     0 | D:5      | night the Troll Delver began the quest for the Orb.
     0 | D:5      | Reached XP level 1. HP: 22/22 MP: 0/0
     8 | D:5      | Noticed a phantom
    46 | D:4      | Noticed an ogre
   113 | D:3      | Reached XP level 2. HP: 10/29 MP: 1/1
   240 | D:3      | Reached XP level 3. HP: 36/36 MP: 2/2
   314 | D:2      | Found an opulent altar of Gozag.
   318 | D:2      | Reached XP level 4. HP: 20/44 MP: 3/3
  1241 | D:1      | Reached skill level 3 in Unarmed Combat
  1392 | D:1      | Reached XP level 5. HP: 50/50 MP: 4/4
  1823 | D:3      | Noticed Sigmund
  1831 | D:3      | Killed Sigmund
  1832 | D:3      | Reached skill level 4 in Unarmed Combat
  1832 | D:3      | Reached XP level 6. HP: 52/59 MP: 5/5
  1918 | D:3      | Found a blossoming altar of Fedhas.
  1928 | D:3      | Found a stormy altar of Qazlal.
  2199 | D:3      | Found a shimmering altar of Xom.
  2289 | D:4      | Found a staircase to the Ecumenical Temple.
  2325 | Temple   | Entered the Ecumenical Temple
  2527 | Temple   | Became a worshipper of Ru the Awakened
  2694 | D:4      | Noticed Menkaure
  2716 | D:4      | Killed Menkaure
  2717 | D:4      | Reached skill level 5 in Unarmed Combat
  2717 | D:4      | Reached XP level 7. HP: 22/66 MP: 6/6
  3099 | D:5      | Reached skill level 6 in Unarmed Combat
  3614 | D:6      | Found a radiant altar of Vehumet.
  3650 | D:6      | Reached XP level 8. HP: 70/76 MP: 7/7
  3701 | D:6      | Found a glowing golden altar of the Shining One.
  3701 | D:6      | Found a shimmering blue altar of Sif Muna.
  3711 | D:6      | Reached skill level 7 in Unarmed Combat
  3711 | D:6      | Gained mutation: You are missing an eye, making it more
                  | difficult to aim. [Ru sacrifice]
  3789 | D:6      | Found a burning altar of Makhleb.
  4057 | D:6      | Noticed Grinder
  4066 | D:6      | Killed Grinder
  4067 | D:6      | Reached skill level 8 in Unarmed Combat
  4222 | D:6      | Reached skill level 9 in Unarmed Combat
  4339 | D:6      | Found an iron altar of Okawaru.
  4406 | D:7      | Reached skill level 5 in Fighting
  4471 | D:7      | Reached XP level 9. HP: 88/88 MP: 8/8
  4699 | D:7      | Killed an unseen horror
  4700 | D:7      | Reached skill level 10 in Unarmed Combat
  4814 | D:7      | Got a jewelled hat
  4819 | D:7      | Identified the +0 hat "Berucs" {Str-2 Int+7 SInv} (You
                  | found it on level 7 of the Dungeon)
  5300 | D:7      | Found a shadowy altar of Dithmenos.
  5410 | D:7      | Gained mutation: You cannot train Dodging skill. [Ru
                  | sacrifice]
  5410 | D:7      | Reached * piety under Ru
  5410 | D:7      | Reached ** piety under Ru
  5460 | D:7      | Reached skill level 11 in Unarmed Combat
  5542 | D:7      | Noticed an orc knight
  5768 | D:8      | Noticed Psyche
  5873 | D:7      | Paralysed by Psyche for 2 turns
  5881 | D:7      | Killed Psyche
  5882 | D:7      | Reached XP level 10. HP: 57/100 MP: 9/9
  6338 | D:8      | Noticed Maurice
  6388 | D:8      | Killed Maurice
  6579 | D:8      | Noticed Grum
  6583 | D:8      | Noticed Prince Ribbit
  6587 | D:8      | Killed Grum
  6588 | D:8      | Reached skill level 12 in Unarmed Combat
  6930 | D:8      | Killed Prince Ribbit
  7309 | D:9      | Found a bloodstained altar of Trog.
  7362 | D:9      | Found a sparkling altar of Nemelex Xobeh.
  7414 | D:9      | Noticed a death yak
  7415 | D:9      | Noticed a death yak
  7416 | D:9      | Found a staircase to the Lair.
  7417 | D:9      | Noticed a death yak
  7428 | D:9      | Killed a death yak
  7429 | D:9      | Reached skill level 1 in Shields
  7448 | D:9      | Killed a death yak
  7457 | D:9      | Killed a death yak
  7458 | D:9      | Reached skill level 13 in Unarmed Combat
  7458 | D:9      | Reached XP level 11. HP: 41/111 MP: 10/10
  7701 | D:9      | Found a staircase to the Orcish Mines.
  7710 | D:9      | Gained mutation: You cannot study or use magical devices.
                  | [Ru sacrifice]
  7710 | D:9      | Reached *** piety under Ru
  7710 | D:9      | Reached **** piety under Ru
  7711 | D:9      | Found a roughly hewn altar of Beogh.
  7904 | D:10     | Entered Level 10 of the Dungeon
  9070 | Lair:1   | Entered Level 1 of the Lair of Beasts
  9070 | Lair:1   | Found a gate leading to a gauntlet.
  9070 | Lair:1   | Noticed Gastronok
  9074 | Lair:1   | Noticed Erica
  9103 | Lair:1   | Killed Gastronok
  9118 | Lair:1   | Killed Erica
  9119 | Lair:1   | Reached skill level 14 in Unarmed Combat
  9137 | Gauntlet | Entered a Gauntlet
  9137 | Gauntlet | Found a transporter.
  9260 | Gauntlet | Found a transporter.
  9272 | Gauntlet | Found a transporter.
  9275 | Gauntlet | Noticed a death yak
  9276 | Gauntlet | Noticed a death yak
  9277 | Gauntlet | Found a transporter.
  9278 | Gauntlet | Noticed an entropy weaver
  9292 | Gauntlet | Found a transporter.
  9307 | Gauntlet | Noticed a death yak
  9309 | Gauntlet | Noticed a necromancer
  9311 | Gauntlet | Found a transporter.
  9323 | Gauntlet | Found a transporter.
  9323 | Gauntlet | Noticed an obsidian statue
  9335 | Gauntlet | Found a transporter.
  9347 | Gauntlet | Found a transporter.
  9355 | Gauntlet | Found a large runed translucent door.
  9355 | Gauntlet | Noticed an unseen horror
  9355 | Gauntlet | a tarantella changed into an unseen horror
  9356 | Gauntlet | Found a large runed translucent door.
  9357 | Gauntlet | Found a large runed translucent door.
  9357 | Gauntlet | Found a large runed translucent door.
  9358 | Gauntlet | Found a runed translucent gate.
  9359 | Gauntlet | Found a transporter.
  9359 | Gauntlet | Found a runed translucent gate.
  9359 | Gauntlet | Noticed a wolf spider
  9360 | Gauntlet | Found a runed translucent gate.
  9361 | Gauntlet | Found a large runed translucent door.
  9361 | Gauntlet | Found a large runed translucent door.
  9361 | Gauntlet | Found a runed translucent door.
  9361 | Gauntlet | Found a runed translucent door.
  9362 | Gauntlet | Found a large runed translucent door.
  9363 | Gauntlet | Found a large runed translucent door.
  9365 | Gauntlet | Found a transporter.
  9365 | Gauntlet | Found a transporter.
  9370 | Gauntlet | Found a large runed translucent door.
  9370 | Gauntlet | Found a large runed translucent door.
  9370 | Gauntlet | Noticed a shock serpent
  9370 | Gauntlet | a faun changed into a shock serpent
  9371 | Gauntlet | Found a large runed translucent door.
  9371 | Gauntlet | a shock serpent changed into a cyclops
  9372 | Gauntlet | Found a large runed translucent door.
  9381 | Gauntlet | Found a large runed translucent door.
  9381 | Gauntlet | Found a large runed translucent door.
  9382 | Gauntlet | Found a large runed translucent door.
  9383 | Gauntlet | Found a large runed translucent door.
  9404 | Gauntlet | Found a transporter.
  9406 | Gauntlet | Noticed a death scarab
  9431 | Gauntlet | Found a transporter.
  9431 | Gauntlet | Found a transporter.
  9455 | Gauntlet | Found a transporter.
  9457 | Gauntlet | Found a transporter.
  9542 | Gauntlet | Found a transporter.
  9671 | Gauntlet | HP: 8/169 [jumping spider (9)]
  9671 | Gauntlet | Slain by an entropy weaver

Illustrated notes

Levels and vault maps discovered:
D:1:      dpeg_arrival_pits, layout_loops_cross, minmay_stone_trees_small,
          minmay_liquid_box
D:2:      layout_basic, nicolae_gozag_cash_rules_everything_around_me
D:3:      layout_rooms, grunt_temple_overflow_forces_of_nature,
          marbit_many_paths, uniq_sigmund
D:4:      layout_rooms, minmay_temple_entry_sparse_star, portal_sewer_entry_f,
          uniq_menkaure
D:5:      layout_basic
D:6:      layout_loops_ring, grunt_temple_overflow_lords_of_destruction,
          chequers_temple_overflow_statue_of_worship, okawaru_metal_pillars_1_2,
          uniq_grinder
D:7:      minmay_the_grid_plus_closed [minmay_the_grid_spin_star,
          minmay_the_grid_x, minmay_the_grid_gridbox, minmay_the_grid_armoury,
          minmay_the_grid_prize_diamond_cup], layout_basic,
          grunt_dithmenos_shadows, minmay_fractal_squares_diagonal_5
D:8:      layout_cave_pools, uniq_psyche, uniq_prince_ribbit1, uniq_grum,
          uniq_maurice
D:9:      layout_rooms, nemelex_xobeh_ov_fountains_minmay,
          lightli_temple_of_fire, dpeg_lair_monsters,
          minmay_orc_entry_temple_small, chequers_serial_rivers_micro_d
D:10:     layout_loops_ring, serial_ice, serial_ice_a, serial_ice_o,
          serial_ice_i, serial_ice_m, serial_ice_b, serial_ice_d, serial_ice_h
Temple:   minmay_temple_curvy_loop
Lair:1:   layout_hall_layers, gauntlet_entry_generic, uniq_erica,
          uniq_gastronok, uniq_joseph, uniq_urug
Gauntlet: gammafunk_gauntlet_one_two_three [nicolae_gauntlet_swirl,
          gammafunk_gauntlet_arena_split_diamond, gammafunk_gauntlet_arena_open,
          nicolae_gauntlet_arena_flowing_pool, gammafunk_gauntlet_arena_grid,
          gammafunk_gauntlet_arena_mazey, gammafunk_gauntlet_arena_crates,
          gammafunk_gauntlet_arena_teeth,
          minmay_gauntlet_arena_make_your_own_arena, gauntlet_exit_hidden_loot]

Skill      XL: |  1  2  3  4  5  6  7  8  9 10 11 |
---------------+----------------------------------+-----
Stealth        | 3 |  3.8
Dodging        | 2 3 0 |  0.0
Unarmed Combat | 3 4 5 6 9 11 13 14 | 14.1
Fighting       | 3 5 6 7 8 |  8.6
Shields        | 2 4 |  4.1
Throwing       | |  0.9

Action                   |  1- 3 |  4- 6 |  7- 9 | 10-12 || total
-------------------------+-------+-------+-------+-------++-------
Melee: Unarmed           |    66 |   165 |   383 |   490 ||  1104
       Punch             |       |     2 |    13 |     5 ||    20
Throw: Dart              |     7 |     4 |    18 |    24 ||    53
       Large rock        |       |     1 |     5 |     5 ||    11
Invok: Sacrifice an Eye  |       |       |     1 |       ||     1
       Sacrifice Nimblen |       |       |     1 |       ||     1
       Sacrifice Artific |       |       |       |     1 ||     1
  Use: Scroll            |     1 |     3 |     2 |    12 ||    18
       Potion            |     1 |       |       |     5 ||     6
 Stab: Sleeping          |       |     7 |     3 |     2 ||    12
       Distracted        |       |       |     1 |       ||     1
       Invisible         |       |       |       |     1 ||     1
Armor: Robe              |    31 |    40 |   144 |   182 ||   397
       Skin              |       |       |     1 |    16 ||    17
Dodge: Dodged            |    62 |    73 |   170 |   274 ||   579
Block: Kite shield       |       |       |       |   123 ||   123
